AoeStats
← DDR38

MegaRandom

508132740Analyzed
4v4 RM · 10d ago on Sep 21, 2026· 30m 42s· 8 players
Game mode
Random Map
Map size
Large (8 player)
Population
200
Speed
Normal
Resources
Standard
Victory
Conquest
Starting age
Dark Age
Ending age
Imperial Age
RankedLock teamsTeams togetherTeam positionsShared explorationLock speedFull tech treeHidden civsTurbo modeCheats
Victory
Defeat
🇦🇷 Britons · Argentina
1178
+16
🇧🇷 Byzantines · Brazil
1143
+17
🇪🇨 Persians · Ecuador
1103
+19
🇦🇷 Cumans · Argentina
1063
+19
🇨🇱 Mapuche · Chile
1199
-20
🇨🇱 Slavs · Chile
1152
-17
🇨🇱 Maya · Chile
1152
-17
🇨🇱 Koreans · Chile
1149
-17
KannYahoo
0:31 Loom
9:05 Feudal Age
9:58 Double-Bit Axe
12:17 Fletching
14:00 Padded Archer Armor
16:04 Horse Collar
21:40 Castle Age
21:49 Crossbowman
22:34 Bodkin Arrow
24:22 Leather Archer Armor
28:19 Gold Mining
L3RM | Lokocabral
0:28 Loom
9:30 Feudal Age
11:01 Double-Bit Axe
14:21 Fletching
14:32 Padded Archer Armor
21:37 Castle Age
21:54 Crossbowman
23:07 Bodkin Arrow
26:50 Leather Archer Armor
GIORK
1:27 Loom
9:23 Feudal Age
9:52 Double-Bit Axe
12:06 Bloodlines
13:29 Horse Collar
16:33 Wheelbarrow
17:30 Forging
18:36 Scale Barding Armor
24:56 Castle Age
23:28 Fishing Lines
25:52 Hand Cart
25:54 Bow Saw
25:47 Heavy Plow
25:40 Gold Mining
26:09 Husbandry
26:59 Gold Shaft Mining
27:08 Iron Casting
27:14 Gillnets
28:43 Chain Barding Armor
29:06 Light Cavalry
DDR38
10:34 Feudal Age
8:51 Loom
11:10 Feudal Age
15:02 Castle Age
15:36 Horse Collar
15:45 Double-Bit Axe
23:08 Forging
23:41 Heavy Plow
26:29 Scale Barding Armor
27:46 Iron Casting
29:42 Chain Barding Armor
Coyote
6:15 Loom
8:07 Feudal Age
8:58 Double-Bit Axe
8:50 Champi Runner
9:18 Horse Collar
14:23 Scale Mail Armor
14:54 Horse Collar
17:52 Forging
20:06 Wheelbarrow
23:09 Castle Age
21:10 Gold Mining
25:04 Pikeman
26:00 Champi Warrior
30:59 Hand Cart
Jota Khan
0:32 Loom
8:25 Feudal Age
9:14 Double-Bit Axe
13:52 Forging
13:57 Horse Collar
15:13 Scale Barding Armor
18:24 Fletching
20:59 Gold Mining
28:43 Castle Age
29:25 Bodkin Arrow
29:38 Thumb Ring
29:35 Husbandry
30:15 Gold Shaft Mining
29:31 Stone Mining
30:06 Bow Saw
31:06 Wheelbarrow
30:56 Heavy Plow
tojoka
9:04 Loom
11:34 Feudal Age
12:43 Double-Bit Axe
23:01 Bloodlines
26:00 Castle Age
26:39 Scale Barding Armor
27:54 Pikeman
28:41 Scale Mail Armor
31:06 Bow Saw
Smitty
0:27 Loom
8:40 Feudal Age
9:39 Double-Bit Axe
12:28 Wheelbarrow
12:30 Scale Mail Armor
13:11 Forging
12:55 Arson
14:22 Town Watch
16:06 Fletching
16:16 Padded Archer Armor
20:30 Castle Age
22:09 Pikeman
23:34 Squires
24:19 Chain Mail Armor
Connection lost

Rejoining the realm…

Still unreachable

The connection could not be restored.

Session expired

The server has moved on; the page needs a fresh start.